 Dungeon Crawl Stone Soup version bcrawl-1.19.2-6-g6a88ae04c9 (webtiles) character file.

Game seed: 14110384373804358833

417 Freyura the Cudgeler (level 6, -6/55 HPs)
             Began as a Minotaur Fighter on Jan 11, 2020.
             Mangled by a gnoll
             ... wielding a cursed -2 halberd
              (12 damage)
             ... on level 3 of the Dungeon.
             The game lasted 00:05:17 (2467 turns).

Freyura the Cudgeler (Minotaur Fighter)             Turns: 2467, Time: 00:05:18

Health: -6/55      AC:  8    Str: 20    XL:     6   Next: 61%
Magic:  5/5        EV:  9    Int:  5    God:
Gold:   266        SH: 10    Dex: 12    Spells: 5/5 levels left

rFire    . . .     SeeInvis .   a - +0 flail
rCold    . . .     Gourm    .   c - +0 shield
rNeg     . . .     Faith    .   b - +0 scale mail
rPois    .         Spirit   .   (helmet restricted)
rElec    .         Reflect  .   (no cloak)
rCorr    .         Harm     .   (no gloves)
MR       .....                  r - +0 pair of boots (curse)
Stlth    ..........             (no amulet)
HPRegen  0.18/turn              (no ring)
MPRegen  0.09/turn              (no ring)

@: lethally poisoned (-6 -> -11)
A: retaliatory headbutt, horns 2
a: no special abilities


You were on level 3 of the Dungeon.
You were hungry.

You visited 1 branch of the dungeon, and saw 3 of its levels.

You collected 266 gold pieces.

Inventory:

Hand Weapons
 a - a +0 flail (weapon)
Armour
 b - a +0 scale mail (worn)
 c - a +0 shield (worn)
 m - a +0 chain mail
 r - a cursed +0 pair of boots (worn)
Wands
 d - a wand of polymorph (9)
Scrolls
 e - a scroll of enchant weapon {unknown}
 g - a scroll of blinking {unknown}
 h - 4 scrolls of identify {unknown}
 j - 2 scrolls of amnesia {unknown}
 k - 2 scrolls of remove curse {unknown}
 p - a scroll of fog {unknown}
 s - a scroll of noise {unknown}
 v - a scroll of teleportation {unknown}
Potions
 i - a potion of berserk rage {unknown}
 l - a potion of ambrosia {unknown}
 n - a potion of invisibility {unknown}
 o - a potion of agility
 q - 2 potions of lignification {unknown}
 t - a potion of brilliance {unknown}
Comestibles
 f - 5 rations {!d}
 u - 2 chunks of flesh


   Skills:
 + Level 4.8 Fighting
 * Level 5.3 Maces & Flails
 + Level 4.9 Armour
 + Level 2.7 Dodging
 + Level 5.0 Shields


You had 5 spell levels left.
You didn't know any spells.
Your spell library was empty.

Dungeon Overview and Level Annotations

Branches:
Dungeon (3/12)

Altars:
Ru
Xom
Yredelemnul


Innate Abilities, Weirdness & Mutations

You reflexively headbutt those who attack you in melee.
You have a pair of horns on your head.


Message History

You block the hobgoblin's attack. The big kobold barely misses you.
The goblin barely misses you. You furiously retaliate!
You headbutt the goblin.
You kill the goblin!
The kobold shoots a poisoned needle.
The poisoned needle hits you!
You are poisoned.
The big kobold barely misses you. The gnoll barely misses you.
You hit the hobgoblin.
The hobgoblin is almost dead.
* * * LOW HITPOINT WARNING * * *
You feel sick.
The big kobold hits you but does no damage.
The hobgoblin hits you but does no damage.
The hobgoblin closely misses you.
The kobold shoots a poisoned needle.
You block the poisoned needle. You block the big kobold's attack.
You closely miss the hobgoblin.
The hobgoblin is almost dead.
* * * LOW HITPOINT WARNING * * *
You feel sick.
The gnoll hits you from afar with a cursed -2 halberd!
You die...

≈≈≈≈≈≈≈≈≈≈≈≈≈≈≈≈≈≈≈≈≈≈#####≈≈≈≈≈≈
####################### #≈≈≈≈≈≈
.......#......... #≈≈≈≈≈≈
.......))........
########.........
#..........##### . '..........#
... #..........########K....
########.......g@)gKK.#
......)))......KgKK...#
.......#........ggg...#
#######################


You could see 2 big kobolds, 2 gnolls, 4 hobgoblins and 4 kobolds.

Vanquished Creatures
  An ogre (D:3)
  A big kobold (D:3)
  3 orc wizards (D:3)
  A worker ant (D:2)
  5 adders
  3 worms
  A dart slug (D:1)
  2 leopard geckos (D:1)
  5 orcs (D:3)
  2 ball pythons (D:1)
  2 giant cockroaches
  16 hobgoblins
  5 jackals (D:3)
  2 quokkas
  A bat (D:1)
  7 frilled lizards
  23 goblins
  11 kobolds
  6 rats
  A spectral orc (D:3)
98 creatures vanquished.

Notes
Turn   | Place    | Note
-------+----------+-------------------------------------------
     0 | D:1      | Freyura the Minotaur Fighter began the quest for the Orb.
     0 | D:1      | Reached XP level 1. HP: 19/19 MP: 0/0
   259 | D:1      | Reached XP level 2. HP: 27/27 MP: 1/1
   510 | D:1      | Reached skill level 1 in Dodging
   598 | D:1      | Reached XP level 3. HP: 23/33 MP: 2/2
   770 | D:2      | Reached XP level 4. HP: 18/40 MP: 3/3
  1592 | D:3      | Found a basalt altar of Yredelemnul.
  1607 | D:3      | Found a shimmering altar of Xom.
  1608 | D:3      | Found a shimmering altar of Xom.
  1609 | D:3      | Found a shimmering altar of Xom.
  1628 | D:3      | Found a shimmering altar of Xom.
  1630 | D:3      | Found a shimmering altar of Xom.
  1630 | D:3      | Found a shimmering altar of Xom.
  1638 | D:3      | Found a shimmering altar of Xom.
  1746 | D:3      | Noticed an ogre
  1756 | D:3      | Killed an ogre
  1756 | D:3      | Reached XP level 5. HP: 28/47 MP: 4/4
  2038 | D:3      | Found a sacrificial altar of Ru.
  2072 | D:3      | Reached XP level 6. HP: 34/53 MP: 5/5
  2079 | D:3      | Reached skill level 5 in Maces & Flails
  2453 | D:3      | Reached skill level 5 in Shields
  2467 | D:3      | Mangled by a gnoll

Skill      XL: |  1  2  3  4  5  6 |
---------------+-------------------+-----
Maces & Flails | 3 4 5 |  5.3
Dodging        | 1 2 |  2.7
Shields        | 4 5 |  5.0
Fighting       | 4 |  4.8
Armour         | 4 |  4.9

Action                   |  1- 3 |  4- 6 || total
-------------------------+-------+-------++-------
Melee: Flail             |   101 |   168 ||   269
       Headbutt          |     7 |    25 ||    32
  Use: Potion            |       |     1 ||     1
  Eat: Chunk             |       |     5 ||     5
Armor: Scale mail        |    43 |    76 ||   119
Dodge: Dodged            |    24 |    74 ||    98
Block: Shield            |    53 |   105 ||   158
